 Dungeon Crawl Stone Soup version 0.16.1-5-gaa23807 (console) character file.

3 gw the Charlatan (level 1, 0/12 HPs)
             Began as a Deep Elf Artificer on Mar 28, 2015.
             Slain by a giant gecko (3 damage)
             ... on level 1 of the Dungeon.
             The game lasted 00:00:05 (32 turns).

gw the Charlatan (Deep Elf Artificer)                 Turns: 32, Time: 00:00:05

Health: 0/12       AC:  3    Str:  8    XL:     1   Next: 41%
Magic:  2/2        EV: 12    Int: 16    God:
Gold:   0          SH:  0    Dex: 15    Spells: 0 memorised, 0 levels left

rFire  . . .     SeeInvis .     a - +0 short sword
rCold  . . .     Clarity  .     e - +0 leather armour
rNeg   . . .     SustAb   .     (no shield)
rPois  .         Gourm    .     (no helmet)
rElec  .         Spirit   .     (no cloak)
rCorr  .         Warding  .     (no gloves)
rMut   .         Stasis   .     (no boots)
MR     .....                    (no amulet)
Stlth  ++........               (no ring)
                                (no ring)

@: not resistant to hostile enchantments, unstealthy
A: no striking features
a: no special abilities


You were on level 1 of the Dungeon.
You were not hungry.

You visited 1 branch of the dungeon, and saw 1 of its levels.

Inventory:

Hand weapons
 a - a +0 short sword (weapon)
Armour
 e - a +0 leather armour (worn)
Magical devices
 b - a wand of flame (10)
 c - a wand of enslavement (15)
 d - a wand of random effects (15)
Comestibles
 f - 2 bread rations


   Skills:
 + Level 1.0 Fighting
 * Level 1.2 Short Blades
 + Level 2.5 Dodging
 - Level 1.2 Stealth
 - Level 3.2 Evocations


You couldn't memorise any spells.
You didn't know any spells.

Dungeon Overview and Level Annotations

Branches:
Dungeon (1/15)

Altars:


Message History

The ooze is heavily wounded.
The ooze hits you.
ATTACKING (1,-1)
You hit the ooze.
The ooze is almost dead.
The ooze hits you.
ATTACKING (1,-1)
You hit the ooze but do no damage.
The ooze is almost dead.
The ooze hits you.
ATTACKING (1,-1)
You hit the ooze.
You kill the ooze!
Your Fighting skill increases to level 1!
ATTACKING (1,-1)
You miss the giant gecko.
The giant gecko bites you but does no damage.
ATTACKING (1,-1)
You closely miss the giant gecko. The giant gecko bites you.
You die...

.#.. ..#. ####### ....
#..<..# . .#.# ##...##
#.###.#.# #.###.# ..
....#.####8'''8#
#.####l##....###.###
#..%.e.........#...###
#..#.........###........
#...###.###.# #####.#.#
#.......# #... ...#
..?####... ##### #.## .
##..# .# #... .. ##... .
##.


You could see a giant gecko.

Table legend:
 A = Turns spent in this place as a percentage of turns spent in the entire game.
 B = Non-inter-level travel turns spent in this place as a percentage of non-inter-level travel turns spent in the entire game.
 C = Inter-level travel turns spent in this place as a percentage of turns spent in this place.
 D = Turns resting spent in this place as a percentage of non-inter-level travel turns spent in this place.
 E = Turns spent auto-exploring this place as a percentage of non-inter-level travel turns spent in this place.
 F = Non-inter-level travel turns spent in this place divided by the number of levels of this place that you've seen.
                   A       B       C       D       E      F
               +-------+-------+-------+-------+-------+----------------------
         Total | 100.0 | 100.0 |   0.0 |   0.0 |   1.1 |  94.0
       Dungeon | 100.0 | 100.0 |   0.0 |   0.0 |   1.1 |  94.0
               +-------+-------+-------+-------+-------+----------------------

Table legend:
 A = Kills in this place as a percentage of kills in entire the game.
 B = Kills by you in this place as a percentage of kills by you in the entire game.
 C = Kills by friends in this place as a percentage of kills by friends in the entire game.
 D = Other kills in this place as a percentage of other kills in the entire game.
 E = Experience gained in this place as a percentage of experience gained in the entire game.
 F = Experience gained in this place divided by the number of levels of this place that you have seen.
                   A       B       C       D       E      F
               +-------+-------+-------+-------+-------+----------------------
         Total | 100.0 | 100.0 |  -nan |  -nan | 100.0 |   5.0
       Dungeon | 100.0 | 100.0 |  -nan |  -nan | 100.0 |   5.0
               +-------+-------+-------+-------+-------+----------------------

Vanquished Creatures
  An ooze (D:1)
  A bat (D:1)
  A goblin (D:1)
3 creatures vanquished.

Notes
Turn   | Place    | Note
--------------------------------------------------------------
     0 | D:1      | gw, the Deep Elf Artificer, began the quest for the Orb.
     0 | D:1      | Reached XP level 1. HP: 11/11 MP: 2/2
    30 | D:1      | Reached skill level 1 in Fighting
    32 | D:1      | Slain by a giant gecko

Action                   || total
-------------------------++-------
Melee: Short sword       ||     7
Evoke: Wand              ||     5

Vault maps used:
D:1:      saegor_arrival_simple_c, minivault_11, supply_closet_lemuel,
          st_stairs_3
